 Dungeon Crawl Stone Soup version 0.27-a0-32-g443bf2d2ca (webtiles) character file.

Game seed: 7007237794506647712

174 Conn the Firebug (level 5, -10/31 HPs)
             Began as an Octopode Fire Elementalist on Jan 3, 2021.
             Killed from afar by Ijyb (16 damage)
             ... with a bolt of acid
             ... on level 3 of the Dungeon.
             The game lasted 00:05:37 (3359 turns).

Conn the Firebug (Octopode Fire Elementalist)       Turns: 3359, Time: 00:05:37

Health: -10/31     AC: -3    Str:  7    XL:     5   Next: 54%
Magic:  7/9        EV: 13    Int: 18    God:
Gold:   140        SH:  0    Dex: 13    Spells: 3/10 levels left

rFire    . . .     SeeInvis .   b - +0 short sword
rCold    . . .     Faith    .   (no shield)
rNeg     . . .     Spirit   .   (helmet restricted)
rPois    .         Reflect  .   (no amulet)
rElec    .         Harm     .   n - ring of wizardry
rCorr    .         Rampage  .   (no ring)
Will     .....                  (no ring)
Stlth    +++.......             (no ring)
HPRegen  0.10/turn              (no ring)
MPRegen  0.11/turn              (no ring)
                                (no ring)
                                (no ring)

@: corroded
A: almost no armour, stealthy swim, amphibious, 8 rings, constrict 8, camouflage
1, gelatinous body 1
a: no special abilities


You were on level 3 of the Dungeon.
You visited 1 branch of the dungeon, and saw 3 of its levels.

You collected 140 gold pieces.

Inventory:

Hand Weapons
 b - a +0 short sword (weapon)
Jewellery
 n - a ring of wizardry (left tentacle)
Scrolls
 a - a scroll of enchant weapon
 e - a scroll of identify {unknown}
 h - 2 scrolls of remove curse
 i - a scroll of amnesia {unknown}
 j - a scroll of teleportation {unknown}
 k - a scroll of enchant armour {unknown}
 l - a scroll of immolation {unknown}
 m - a scroll of random uselessness {unknown}
Potions
 c - a potion of mutation {unknown}
 d - a potion of resistance {unknown}
 f - a potion of lignification {unknown}
 g - a potion of might {unknown}


   Skills:
 - Level 0.2 Fighting
 - Level 2.3 Dodging
 - Level 3.3 Stealth
 + Level 3.2 Spellcasting
 + Level 2.2 Conjurations
 + Level 4.3 Fire Magic


You had 3 spell levels left.
You knew the following spells:

 Your Spells              Type           Power        Failure   Level
a - Foxfire               Conj/Fire      56%          1%          1
b - Conjure Flame         Conj/Fire      14%          4%          3
c - Inner Flame           Hex/Fire       10%          8%          3

Your spell library contained the following spells:

 Spells                   Type           Power        Failure   Level
 Sticky Flame             Conj/Fire      14%          16%         4
 Fireball                 Conj/Fire      7%           41%         5


Dungeon Overview and Level Annotations

Branches:
Dungeon (3/15)

Altars:
Trog
Wu Jian

Annotations:
D:3 Ijyb


Innate Abilities, Weirdness & Mutations

You cannot wear most types of armour.
You are very stealthy in the water. (Stealth+)
You are amphibious.
You can wear up to eight rings at the same time.
You can use your tentacles to constrict eight enemies at once.
Your skin changes colour to match your surroundings (Stealth+).
Your rubbery body absorbs attacks. (AC +1, EV +1)


Message History

Ijyb shouts!
Ijyb screams, "I dance on your bones!"
The foxfire hits Ijyb but does no damage. x2
Casting: Foxfire (safe; 1% risk of failure)
Confirm with . or Enter, or press ? or * to list all spells.
You conjure some foxfire!
Ijyb hits you.
The foxfire hits Ijyb but does no damage. x2
Ijyb hits you.
You hit Ijyb. You grab Ijyb.
Ijyb is lightly wounded.
You constrict Ijyb, but do no damage.
Ijyb zaps a wand.
The bolt of acid hits you! The acid corrodes you!
You are splashed with acid!
* * * LOW HITPOINT WARNING * * *
Unknown command.
Unknown command.
You hit Ijyb but do no damage.
Ijyb is lightly wounded.
You constrict Ijyb.
Ijyb zaps a wand.
The bolt of acid hits you!
Ouch! That really hurt!
You die...

#.# #>.....# #.# #.#
##.###.###.###########
#.# #.#
#.............).## #.#
#.# ##.###########...#
#.# #.# #.#
#.......... #.# #.#
##.# #.#####..<# #.#
#.###...####. #####
#.# #.....#......
#.#############@g.#
#................##
##################


You could see Ijyb.

Vanquished Creatures
  9 adders
  An ooze (D:2)
  5 dart slugs
  A leopard gecko (D:1)
  4 orcs (D:3)
  2 ball pythons
  6 bats
  2 giant cockroaches
  6 goblins
  8 hobgoblins
  7 jackals
  5 frilled lizards
  11 kobolds
  8 rats
75 creatures vanquished.

Vanquished Creatures (others)
  191 foxfires
191 creatures vanquished.

Grand Total: 266 creatures vanquished

Notes
Turn   | Place    | Note
-------+----------+-------------------------------------------
     0 | D:1      | Conn the Octopode Fire Elementalist began the quest for the
                  | Orb.
     0 | D:1      | Reached XP level 1. HP: 11/11 MP: 3/3
   269 | D:1      | Reached XP level 2. HP: 17/17 MP: 3/5
   718 | D:1      | Reached XP level 3. HP: 6/21 MP: 4/6
  1409 | D:2      | Found an ornate altar of the Wu Jian Council.
  1553 | D:2      | Found a bloodstained altar of Trog.
  1568 | D:2      | Reached XP level 4. HP: 18/27 MP: 0/7
  1775 | D:2      | Reached skill level 4 in Fire Magic
  2330 | D:3      | Learned a level 3 spell: Conjure Flame
  2334 | D:3      | Learned a level 3 spell: Inner Flame
  2693 | D:3      | Reached XP level 5. HP: 31/31 MP: 6/9
  3349 | D:3      | Noticed Ijyb
  3359 | D:3      | Killed from afar by Ijyb

Illustrated notes

Levels and vault maps discovered:
D:1:      minmay_arrival_shattered_statue, layout_loops_cross,
          minmay_misc_feat_chi, st_stairs_2, minmay_split_cup_large
D:2:      layout_rooms, lemuel_coloured_pillars_altar, overflow_temple_1_default
D:3:      minmay_chambers_of_threes, layout_loops_ring, uniq_ijyb

Skill      XL: |  1  2  3  4  5 |
---------------+----------------+-----
Stealth        | 3 |  3.3
Fire Magic     | 4 |  4.3
Spellcasting   | 3 |  3.2
Conjurations   | 2 |  2.2
Fighting       | |  0.2
Dodging        | |  2.3

Action                   |  1- 3 |  4- 6 || total
-------------------------+-------+-------++-------
Melee: Unarmed           |     2 |       ||     2
       Constrict         |     5 |     7 ||    12
       Short sword       |    13 |    21 ||    34
       Tentacles         |     2 |     4 ||     6
 Cast: Foxfire           |    45 |    65 ||   110
  Use: Scroll            |     3 |       ||     3
 Stab: Distracted        |     1 |       ||     1
       Sleeping          |     1 |     1 ||     2
Armor: Skin              |       |     2 ||     2
Dodge: Dodged            |    16 |    43 ||    59

Table legend: (Time is in decaauts)
 A = Elapsed time spent in this place.
 B = Non-inter-level travel time spent in this place.
 C = Inter-level travel time spent in this place.
 D = Time resting spent in this place.
 E = Time spent auto-exploring this place.
 F = Levels seen in this place.
 G = Mean time per level.
                   A        B        C        D        E       F      G
               +--------+--------+--------+--------+--------+-----+--------+
         Total |   3361 |   3327 |     34 |    591 |   2018 |   3 | 1120.3 |
       Dungeon |   3361 |   3327 |     34 |    591 |   2018 |   3 | 1120.3 |
               +--------+--------+--------+--------+--------+-----+--------+

Top non-repeatable levels by time:
     D:1: 1313 daAuts
     D:3: 1034 daAuts
     D:2: 1012 daAuts
